 Dungeon Crawl Stone Soup version 0.25-a0-62-g88673ef095 (webtiles) character file.

Game seed: 14119851168588902041, levelgen mode: deterministic

114 iamserjio the Skirmisher (level 4, -3/34 HPs)
             Began as an Octopode Chaos Knight on Oct 29, 2019.
             Was a Plaything of Xom.
             Killed by divine providence
             ... invoked by an orc priest
              (13 damage)
             ... on level 3 of the Dungeon.
             The game lasted 00:02:06 (2546 turns).

iamserjio the Skirmisher (Octopode Chaos Knight)    Turns: 2546, Time: 00:02:07

Health: -3/34      AC:  1    Str: 11    XL:     4   Next: 97%
Magic:  4/4        EV: 14    Int: 14    God:    Xom [.*....]
Gold:   102        SH:  0    Dex: 10    Spells: 3/3 levels left

rFire    . . .     SeeInvis .   j - +1 lajatang (vamp)
rCold    . . .     Gourm    .   (shield currently unavailable)
rNeg     . . .     Faith    .   (helmet restricted)
rPois    .         Spirit   .   (no amulet)
rElec    .         Reflect  .   o - ring of wizardry
rCorr    .         Harm     .   (no ring)
MR       .....                  (no ring)
Stlth    ++........             (no ring)
HPRegen  0.11/turn              (no ring)
MPRegen  0.09/turn              (no ring)
                                (no ring)
                                (no ring)

@: no status effects
A: almost no armour, stealthy swim, amphibious, 8 rings, constrict 8, camouflage
1, clumsy 1, deterioration 1, gelatinous body 1
a: Renounce Religion


You were on level 3 of the Dungeon.
You worshipped Xom.
You were a plaything of Xom.
You were not hungry.

You visited 1 branch of the dungeon, and saw 3 of its levels.

You collected 102 gold pieces.

Inventory:

Hand Weapons
 a - a +0 short sword of chaos
 j - a +1 vampiric lajatang (weapon)
Missiles
 h - 5 javelins (quivered)
 q - 14 poisoned darts
Armour
 c - a +1 hat
Jewellery
 o - a ring of wizardry (left tentacle)
Scrolls
 d - a scroll of fog {unknown}
 f - 3 scrolls of identify {unknown}
 i - 3 scrolls of fear {unknown}
 k - a scroll of enchant weapon {unknown}
 m - a scroll of enchant armour {unknown}
Potions
 e - a potion of invisibility {unknown}
 g - 2 potions of curing {unknown}
 l - 2 potions of heal wounds {unknown}
 p - a potion of might {unknown}
Comestibles
 b - 4 rations
 n - 3 chunks of flesh


   Skills:
 + Level 4.5 Fighting
 - Level 3.0 Short Blades
 * Level 1.2 Staves
 + Level 3.4 Dodging


You had 3 spell levels left.
You didn't know any spells.
Your spell library was empty.

Dungeon Overview and Level Annotations

Branches:
Dungeon (3/15)

Altars:
Elyvilon
Xom


Innate Abilities, Weirdness & Mutations

You cannot wear most types of armour.
You are very stealthy in the water. (Stealth+)
You are amphibious.
You can wear up to eight rings at the same time.
You can use your tentacles to constrict eight enemies at once.
Your skin changes colour to match your surroundings (Stealth+).
Your rubbery body absorbs attacks. (AC +1, EV +1)
You are clumsy. (Dex -2)
Your body sometimes deteriorates upon taking damage.


Message History

The orc priest mumbles some strange prayers to Beogh against you.
Beogh smites you!
You are too injured to fight recklessly!
You are too injured to fight recklessly!
The bat barely misses you.
The orc priest miscasts a cantrip.
The bat hits you but does no damage.
The orc shouts!
The bat hits you. The bat misses you.
There is a stone staircase leading up here.
You hit the bat.
You feel better.
You grab the bat. You constrict the bat.
You kill the bat!
The orc priest mumbles some strange prayers to Beogh against you.
Beogh smites you!
* * * LOW HITPOINT WARNING * * *
The orc priest mumbles some strange prayers to Beogh against you.
Beogh smites you!
You die...
Xom cackles wildly!

#.#o. #.#.###
######..... ..
#########....#.#.#.# ..
..........##.#oo.#.# .#
########..##.#.o.#.# .#
...#####...#.....#.# .#
.......#.#.#...o##.# .#
.......#.#...#.#@#.##)#
.......#.#####.#.#....#
.......#..รท.........###
....#........##.....#
....#..._....##.....#
...##.........##....#
#'###.........##....#
#.# #.###.....(.....#
#(# #)# #........(..#


You could see an orc priest and 3 orcs.

Vanquished Creatures
  A bullfrog zombie (D:2)
  An adder (D:2)
  An ooze (D:2)
  2 worms
  3 dart slugs
  A leopard gecko (D:2)
  A giant cockroach (D:1)
  4 goblins
  11 hobgoblins
  4 jackals (D:2)
  2 ball pythons (D:2)
  4 bats
  A frilled lizard (D:1)
  9 kobolds
  7 rats
52 creatures vanquished.

Notes
Turn   | Place    | Note
-------+----------+-------------------------------------------
     0 | D:1      | iamserjio the Octopode Chaos Knight began the quest for the
                  | Orb.
     0 | D:1      | Reached XP level 1. HP: 16/16 MP: 1/1
   145 | D:1      | XOM: potion effect (haste)
   316 | D:1      | Reached XP level 2. HP: 21/21 MP: 2/2
   658 | D:1      | Reached XP level 3. HP: 27/27 MP: 3/3
   983 | D:2      | XOM: divination: magic mapping
  1010 | D:2      | Reached skill level 4 in Fighting
  1010 | D:2      | Reached XP level 4. HP: 11/33 MP: 4/4
  1163 | D:2      | XOM: divination: detect items
  1261 | D:2      | Found a white marble altar of Elyvilon.
  1831 | D:2      | XOM: 6-stop teleportation journey
  2111 | D:2      | XOM: medium Ice miscast
  2183 | D:2      | XOM: divination: detect items
  2186 | D:2      | XOM: god gift: 29 arrows
  2231 | D:2      | Reached skill level 1 in Staves
  2407 | D:2      | XOM: mild Air miscast
  2463 | D:3      | XOM: mild Necr miscast
  2485 | D:3      | XOM: scenery: create altars
  2503 | D:3      | XOM: mild Ice miscast
  2516 | D:3      | XOM: give mutations
  2516 | D:3      | Gained mutation: Your body sometimes deteriorates upon
                  | taking damage. [Xom's mischief]
  2516 | D:3      | Gained mutation: You are covered in fur. (AC +1) [Xom's
                  | mischief]
  2516 | D:3      | Lost mutation: You are covered in fur. (AC +1) [Xom's
                  | mischief]
  2516 | D:3      | Gained mutation: You are clumsy. (Dex -2) [Xom's mischief]
  2546 | D:3      | Killed from afar by an orc priest

Levels and vault maps discovered:
D:1:      matt_arrival_los_fun, layout_basic
D:2:      layout_loops_corners, lemuel_round_altar, first_ration
D:3:      layout_basic, gammafunk_temple_overflow_arena, tgw_xom, uniq_terence

Skill      XL: |  1  2  3  4 |
---------------+-------------+-----
Fighting       | 4 |  4.5
Dodging        | 3 |  3.4
Staves         | 1 |  1.2
Short Blades   | |  3.0

Action                   |  1- 3 |  4- 6 || total
-------------------------+-------+-------++-------
Melee: Short sword       |    47 |       ||    47
       Tentacles         |     8 |     3 ||    11
       Constrict         |     9 |    12 ||    21
       Lajatang          |       |    53 ||    53
 Stab: Sleeping          |     3 |     6 ||     9
       Distracted        |       |     1 ||     1
  Eat: Chunk             |       |     5 ||     5
Armor: Skin              |     2 |     7 ||     9
Dodge: Dodged            |    22 |    32 ||    54

Table legend:
 A = Non-vault XP
 B = Vault XP
 C = Vault XP percentage of total XP
 D = Non-vault monster count
 E = Vault monster count
 F = Vault count percentage of total count
                 A         B        C        D         E       F
            +---------+---------+-------+---------+---------+-------
      Total |     163 |       0 |   0.0 |      52 |       0 |   0.0
            +---------+---------+-------+---------+---------+-------
        D:1 |      36 |       0 |   0.0 |      21 |       0 |   0.0
        D:2 |     110 |       0 |   0.0 |      24 |       0 |   0.0
        D:3 |      17 |       0 |   0.0 |       7 |       0 |   0.0
            +---------+---------+-------+---------+---------+-------
